 Dungeon Crawl Stone Soup version 0.19.1-1-g22dce08 (webtiles) character file.

81 plheum the Cutter (level 4, 0/42 HPs)
             Began as a Naga Berserker on Jan 8, 2017.
             Was a Follower of Trog.
             Slain by a centaur zombie (6 damage)
             ... in an ossuary.
             The game lasted 00:05:42 (631 turns).

plheum the Cutter (Naga Berserker)                   Turns: 631, Time: 00:05:42

Health: 0/42       AC:  3    Str: 20    XL:     4   Next: 40%
Magic:  4/4        EV: 10    Int:  8    God:    Trog [*.....]
Gold:   76         SH:  0    Dex: 10    Spells: 0 memorised, 3 levels left

rFire  . . .     SeeInvis +     a - +0 short sword
rCold  . . .     Gourm    .     f - +0 leather armour
rNeg   . . .     Faith    .     (no shield)
rPois  +         Spirit   .     (no helmet)
rElec  .         Reflect  .     (no cloak)
rCorr  .         Harm     .     (no gloves)
MR     .....                    (no barding)
Stlth  +.........               (no amulet)
                                (no ring)
                                (no ring)

@: very slow
A: see invisible, deformed body, poison resistance, slowness 2, slow metabolism
1, spit poison 1, AC +1
a: Spit Poison, Berserk, Burn Spellbooks, Renounce Religion


You were in an ossuary.
You worshipped Trog.
Trog was aware of your devotion.
You were full.

You visited 1 branch of the dungeon, and saw 4 of its levels.
You also visited: Ossuary.

You collected 76 gold pieces.

Inventory:

Hand Weapons
 a - a +0 short sword (weapon)
Missiles
 e - 2 needles of frenzy
Armour
 b - a +0 animal skin
 f - a +0 leather armour (worn)
 k - a +0 robe
Scrolls
 g - 3 scrolls of teleportation {unknown}
 h - 2 scrolls of identify {unknown}
 j - a scroll of immolation {unknown}
Potions
 d - a potion of brilliance {unknown}
 i - a potion of magic {unknown}
Comestibles
 c - a bread ration


   Skills:
 + Level 3.5 Fighting
 + Level 4.0 Short Blades
 + Level 2.1 Armour
 + Level 2.0 Dodging


You had 3 spell levels left.
You didn't know any spells.

Dungeon Overview and Level Annotations

Branches:
Dungeon (4/15)
 Temple: D:4-7

Altars:


Innate Abilities, Weirdness & Mutations

You cannot wear boots.
Your serpentine skin is tough. (AC +1)
You have supernaturally acute eyesight. (SInv)
Armour fits poorly on your strangely shaped body.
Your system is resistant to poisons. (rPois)
You cover ground very slowly.
You have a slow metabolism.
You can spit poison.


Message History

The centaur zombie is heavily damaged.
The centaur zombie hits you but does no damage.
You hit the centaur zombie.
The centaur zombie is heavily damaged.
The centaur zombie hits you but does no damage.
You hit the centaur zombie.
The centaur zombie is severely damaged.
The centaur zombie hits you.
* * * LOW HITPOINT WARNING * * *
You hit the centaur zombie.
The centaur zombie is severely damaged.
The centaur zombie hits you but does no damage.
You hit the centaur zombie.
The centaur zombie is almost destroyed.
The centaur zombie barely misses you.
The centaur zombie hits you but does no damage.
You hit the centaur zombie.
The centaur zombie is almost destroyed.
The centaur zombie hits you.
You die...

###### #....#
#....# +..#
#....###..#
#Z...#.#..#
##@####.#..#
#...#...#..#
##+###'###'###..#
.................#
................∩#
##################


You could see a centaur zombie.

Vanquished Creatures
  Jessica (D:3)
  3 gnolls (D:3)
  An adder (D:3)
  An adder zombie (Ossuary)
  3 bats
  2 giant cockroaches
  A goblin (D:2)
  A hobgoblin (D:2)
  2 jackals (D:2)
  A quokka zombie (Ossuary)
16 creatures vanquished.

Notes
Turn   | Place    | Note
-------+----------+-------------------------------------------
     0 | D:1      | plheum the Naga Berserker began the quest for the Orb.
     0 | D:1      | Reached XP level 1. HP: 21/21 MP: 1/1
   361 | D:2      | Reached XP level 2. HP: 18/28 MP: 2/2
   466 | D:3      | Noticed Jessica
   467 | D:3      | Reached XP level 3. HP: 22/34 MP: 3/3
   475 | D:3      | Killed Jessica
   475 | D:3      | Reached XP level 4. HP: 19/42 MP: 4/4
   577 | D:4      | Found a sand-covered staircase.
   582 | Ossuary  | Entered an ossuary
   604 | Ossuary  | Reached skill level 4 in Short Blades
   631 | Ossuary  | Slain by a centaur zombie

Skill      XL: |  1  2  3  4 |
---------------+-------------+-----
Armour         | 2 |  2.1
Dodging        | 2 |  2.0
Short Blades   | 4 |  4.0
Fighting       | |  3.5

Action                   |  1- 3 |  4- 6 || total
-------------------------+-------+-------++-------
Melee: Short sword       |    55 |    40 ||    95
Invok: Berserk           |     1 |       ||     1
  Eat: Bread ration      |       |     1 ||     1
Armor: Leather armour    |    17 |     9 ||    26
       Animal skin       |     5 |       ||     5
Dodge: Dodged            |    36 |    19 ||    55
